cohdb
Replays
Latest Replays
All Replays
Popular Replays
Top Player Replays
Match Explorer
How It Works
Community
CoH3 Stats
Reddit
Sign in to upload your games and track your stats! →
Sign in with Steam
Match 45991878
Unlisted
Match 45991878
Overview
Messages
Build Orders
End
Pioneer Squad
Construct Infanterie Kompanie
Grenadier Squad
MG 42 Machine Gun Team
Grenadier Squad
MG 42 Machine Gun Team
Construct Luftwaffe Kompanie
221 Scout Car
Selects Breakthrough Battlegroup
Selects Rapid Production
Jäger Squad
Medical Station
Jäger Squad
Luftwaffe Officer Quarters
Selects Assault Grenadiers
Selects Breakthrough
Construct Panzer Kompanie
Stoßtruppen Squad
Panzer IV Medium Tank
Selects Mechanized Assault Group
Selects Blitzkrieg
Ra11
HulkSMASH
Ted 'Seaman' Silk
Thomas Smooth
0
0
Comments
sign in to comment!
No comments posted yet!